 Dungeon Crawl Stone Soup version 0.30-a0-782-ge64f9170bb (webtiles) character file.

Game seed: 7300445662144463842

2119138 AppleFox63 the Ruinous (level 27, 153/153 HPs)
             Began as a Tengu Conjurer on Feb 25, 2023.
             Was the Champion of Vehumet.
             Escaped with the Orb
             ... and 4 runes on Feb 26, 2023!
             The game lasted 06:08:06 (85701 turns).

AppleFox63 the Ruinous (Tengu Conjurer)            Turns: 85701, Time: 06:08:06

Health: 153/153    AC: 14    Str:  9    XL:     27
Magic:  59/59      EV: 25    Int: 34    God:    Vehumet [******]
Gold:   4823       SH: 19    Dex: 19    Spells: 3/70 levels left

rFire   + . .      SeeInvis +    y - +0 staff of Battle
rCold   + + .      Faith    .    j - +5 kite shield {reflect}
rNeg    + . .      Spirit   .    t - +1 robe "Vuitih" {rElec Dex+3 Archmagi}
rPois   .          Reflect  +    i - +2 hat
rElec   +          Harm     .    p - +3 cloak of Action {Rampage rC+ rN+ Slay+2}
rCorr   +          Rampage  +    a - +2 pair of gloves {infuse}
Will    ++++.      Archmagi +    (boots unavailable)
Stlth   +                        w - amulet "Zuodah" {RegenMP Rampage Int+2}
HPRegen 0.45/turn                r - ring "Vyank" {rF+ rCorr MP+9 Dex+2}
MPRegen 0.76/turn                g - ring "Qux Xaci" {rC+ Will++ Str-2 Int+4}

@: brilliant, flying quickly and evasively, quick
A: beak, talons 3, nimble flight, iridescent scales 1, see invisible, frail 1
0: Orb of Zot
}: 4/15 runes: serpentine, barnacled, slimy, silver
a: Renounce Religion


You escaped.
You worshipped Vehumet.
Vehumet was exalted by your worship.
You visited 10 branches of the dungeon, and saw 52 of its levels.
You visited the Abyss 1 time.
You visited 1 bazaar.
You also visited: Ossuary, Ice Cave, Volcano and Wizlab.

You collected 11379 gold pieces.
You spent 6556 gold pieces at shops.

Inventory:

Hand Weapons
 y - the +0 staff of Battle (weapon)
   (You found it on level 15 of the Dungeon)

   It enhances your conjuration magic.
   It summons a battlesphere in combat, with strength depending on Conjurations
   skill.
   Its strikes trigger the battlesphere's blasts.
Armour
 a - a +2 pair of gloves of infusion (worn)
 i - a +2 hat (worn)
 j - a +5 kite shield of reflection (worn)
 p - the +3 cloak of Action (worn) {Rampage rC+ rN+ Slay+2}
   (You bought it in a shop on level 2 of the Orcish Mines)

   Slay:      It affects your accuracy & damage with ranged weapons and melee
   (+2).
   rC:        It protects you from cold.
   rN:        It protects you from negative energy.
   Rampage:   It bestows one free step when moving towards enemies.
 t - the +1 robe "Vuitih" (worn) {rElec Dex+3 Archmagi}
   (You bought it in a shop on level 2 of the Elven Halls)

   Dex:       It affects your dexterity (+3).
   rElec:     It insulates you from electricity.
   Archmagi:  It increases the power of your magical spells.
 J - a +2 buckler of resistance
Jewellery
 g - the ring "Qux Xaci" (right hand) {rC+ Will++ Str-2 Int+4}
   (You acquired it on level 4 of the Snake Pit)

   [ring of protection from cold]

   Str:       It affects your strength (-2).
   Int:       It affects your intelligence (+4).
   rC:        It protects you from cold.
   Will:      It greatly increases your willpower.
 r - the ring "Vyank" (left hand) {rF+ rCorr MP+9 Dex+2}
   (You found it on level 13 of the Dungeon)

   [ring of magical power]

   Dex:       It affects your dexterity (+2).
   rF:        It protects you from fire.
   MP:        It affects your magic capacity (+9).
   rCorr:     It protects you from acid and corrosion.
 s - the ring "Heut Fau" {rCorr Int+5 Dex+3 Stlth+}
   (You bought it in a shop on level 10 of the Dungeon)

   [ring of resist corrosion]

   Int:       It affects your intelligence (+5).
   Dex:       It affects your dexterity (+3).
   rCorr:     It protects you from acid and corrosion.
   Stlth:     It makes you more stealthy.
 w - the amulet "Zuodah" (around neck) {RegenMP Rampage Int+2}
   (You bought it in a shop on level 10 of the Dungeon)

   [amulet of magic regeneration]

   It increases your rate of magic regeneration.
   Int:       It affects your intelligence (+2).
   Rampage:   It bestows one free step when moving towards enemies.
 D - the ring of Voidon {rElec rC+ Will+ Int+3}
   (You found it on level 13 of the Dungeon)

   [ring of willpower]

   Int:       It affects your intelligence (+3).
   rC:        It protects you from cold.
   rElec:     It insulates you from electricity.
   Will:      It increases your willpower.
 E - a ring of the Octopus King {rN+ HP+2 AC+2 EV+2 SH+2}
   (You found it on level 8 of the Dungeon)

   [ring of positive energy]

   AC:        It affects your AC (+2).
   EV:        It affects your evasion (+2).
   rN:        It protects you from negative energy.
   HP:        It affects your health (+2).
   SH:        It affects your SH (+2).
 U - the ring of the Duchess {rElec rPois MP+9 Int+2}
   (You bought it in a shop on level 2 of the Snake Pit)

   [ring of magical power]

   Int:       It affects your intelligence (+2).
   rElec:     It insulates you from electricity.
   rPois:     It protects you from poison.
   MP:        It affects your magic capacity (+9).
Wands
 b - a wand of paralysis (10)
 k - a wand of mindburst (22)
 H - a wand of roots (33)
 K - a wand of digging (1)
 P - a wand of flame (85)
 Y - a wand of light (26)
Scrolls
 d - 7 scrolls of blinking
 h - 32 scrolls of teleportation
 l - 9 scrolls of fear
 n - 6 scrolls of poison
 u - 4 scrolls of brand weapon
 B - 2 scrolls of magic mapping
 C - 8 scrolls of enchant weapon
 G - 11 scrolls of fog
 I - 6 scrolls of silence
 M - 5 scrolls of enchant armour
 T - 11 scrolls of amnesia
 X - 2 scrolls of summoning
Potions
 c - a potion of invisibility
 e - 9 potions of mutation
 f - 5 potions of ambrosia
 m - 5 potions of berserk rage
 o - 2 potions of heal wounds
 v - 6 potions of haste
 x - 6 potions of magic
 z - 16 potions of might
 A - 17 potions of curing
 F - 6 potions of brilliance
 N - 5 potions of cancellation
 Q - 11 potions of lignification
Miscellaneous
 q - a phantom mirror
 L - a phial of floods
 R - a lightning rod (4/4)
 S - a condenser vane
 V - a tin of tremorstones (2/2)
 Z - a box of beasts


   Skills:
 - Level 17.0 Fighting
 - Level 15.0 Dodging
 - Level 2.5 Stealth
 - Level 14.0 Shields
 - Level 22.0 Spellcasting
 - Level 24.0 Conjurations
 - Level 18.0 Necromancy
 - Level 5.0 Translocations
 + Level 17.4 Transmutations
 - Level 24.0 Fire Magic
 - Level 3.6 Poison Magic
 - Level 10.0 Evocations


You had 3 spell levels left.
You knew the following spells:

 Your Spells              Type           Power      Damage    Failure   Level
a - Magic Dart            Conj           100%       1d8       0%          1
b - Passage of Golubria   Tloc           100%       N/A       1%          4
c - Iskenderun's Mystic   Conj/Tloc      100%       2d19      1%          4
d - Scorch                Fire           100%       2d10      0%          2
e - Fireball              Conj/Fire      96%        3d35      0%          5
f - Orb of Destruction    Conj           96%        9d21      1%          7
g - Starburst             Conj/Fire      96%        6d24      0%          6
h - Ignite Poison         Fire/Tmut/Pois 100%       N/A       0%          3
i - Olgreb's Toxic Radia  Pois           96%        N/A       1%          4
j - Ignition              Fire           83%        3d21      1%          8
k - Fire Storm            Conj/Fire      96%        8d24      2%          9
l - Necromutation         Tmut/Necr      75%        N/A       6%          8
m - Eringya's Noxious Bo  Tmut/Pois      64%        N/A       1%          6

Your spell library contained the following spells:

 Spells                   Type           Power      Damage    Failure   Level
 Maxwell's Capacitive Co  Air            35%        ∞         100%        8
 Beastly Appendage        Tmut           100%       N/A       0%          1
 Foxfire                  Conj/Fire      100%       2x1d9     0%          1
 Necrotise                Necr           100%       1d9       0%          1
 Shock                    Conj/Air       100%       1d9       0%          1
 Momentum Strike          Conj/Tloc      100%       3d10      0%          2
 Searing Ray              Conj           100%       2d8       0%          2
 Sublimation of Blood     Necr           100%       N/A       0%          2
 Wereblood                Tmut           100%       N/A       0%          2
 Vampiric Draining        Necr           100%       2d13      0%          3
 Apportation              Tloc           100%       N/A       1%          1
 Freeze                   Ice            100%       1d10      1%          1
 Sandblast                Erth           100%       2d20      1%          1
 Sting                    Tmut/Pois      100%       1d8       1%          1
 Summon Small Mammal      Summ           100%       N/A       1%          1
 Blink                    Tloc           100%       N/A       1%          2
 Cigotuvi's Dreadful Rot  Necr/Pois/Air  100%       N/A       1%          2
 Lesser Beckoning         Tloc           100%       N/A       1%          2
 Passwall                 Tmut/Erth      100%       N/A       1%          2
 Poisonous Vapours        Pois/Air       100%       N/A       1%          2
 Dazzling Flash           Conj/Hex       100%       N/A       1%          3
 Frozen Ramparts          Ice            100%       1d16      1%          3
 Gell's Gravitas          Tloc           100%       N/A       1%          3
 Hailstorm                Conj/Ice       100%       3d20      1%          3
 Inner Flame              Hex/Fire       100%       N/A       1%          3
 Kindle Blastsparks       Fire/Tloc/Air  100%       2d18      1%          3
 Mephitic Cloud           Conj/Pois/Air  100%       N/A       1%          3
 Portal Projectile        Hex/Tloc       100%       N/A       1%          3
 Spider Form              Tmut/Pois      100%       N/A       1%          3
 Stone Arrow              Conj/Erth      100%       3d13      1%          3
 Teleport Other           Tloc           100%       N/A       1%          3
 Ensorcelled Hibernation  Hex/Ice        100%       N/A       2%          2
 Call Canine Familiar     Summ           71%        N/A       4%          3
 Ozocubu's Armour         Ice            71%        N/A       4%          3
 Summon Guardian Golem    Hex/Summ       71%        N/A       4%          3
 Swiftness                Air            71%        N/A       4%          3
 Animate Dead             Necr           100%       N/A       0%          4
 Dispel Undead            Necr           100%       3d31      0%          4
 Flame Wave               Conj/Fire      100%       2d21      0%          4
 Sticky Flame             Conj/Fire      100%       2d11      0%          4
 Anguish                  Hex/Necr       61%        N/A       1%          4
 Fulminant Prism          Conj/Hex       79%        3d31      1%          4
 Ice Form                 Ice/Tmut       100%       N/A       1%          4
 Manifold Assault         Tloc           100%       N/A       1%          4
 Agony                    Necr           100%       N/A       1%          5
 Alistair's Intoxication  Tmut/Pois      85%        N/A       1%          5
 Arcjolt                  Conj/Air       79%        1d89      1%          5
 Blade Hands              Tmut           75%        N/A       1%          5
 Borgnjor's Vile Clutch   Necr/Erth      61%        N/A       1%          5
 Freezing Cloud           Conj/Ice/Air   71%        6-21      1%          5
 Conjure Ball Lightning   Conj/Air       79%        3x3d30    1%          6
 Death Channel            Necr           75%        N/A       1%          6
 Iron Shot                Conj/Erth      79%        9d14      1%          6
 Dragon Form              Tmut           75%        N/A       1%          7
 Spellforged Servitor     Conj/Summ      79%        N/A       2%          7
 Simulacrum               Ice/Necr       61%        N/A       5%          6
 Statue Form              Tmut/Erth      80%        N/A       6%          6
 Borgnjor's Revivificati  Necr           75%        N/A       6%          8
 Lee's Rapid Deconstruct  Erth           35%        3d18*     11%         5
 Animate Armour           Summ/Erth      100%       N/A       14%         4
 Cause Fear               Hex            35%        N/A       14%         4
 Leda's Liquefaction      Hex/Erth       35%        N/A       14%         4
 Summon Ice Beast         Ice/Summ       71%        N/A       14%         4
 Lehudib's Crystal Spear  Conj/Erth      79%        10d18     17%         8
 Dispersal                Tloc           51%        N/A       28%         6
 Metabolic Englaciation   Hex/Ice        35%        N/A       36%         5
 Silence                  Hex/Air        35%        N/A       36%         5
 Summon Mana Viper        Hex/Summ       71%        N/A       36%         5
 Death's Door             Necr           75%        N/A       65%         9
 Summon Cactus Giant      Summ           35%        N/A       91%         6
 Ozocubu's Refrigeration  Ice            35%        4d15      94%         7
 Enfeeble                 Hex            35%        N/A       100%        7
 Monstrous Menagerie      Summ           35%        N/A       100%        7
 Summon Hydra             Summ           35%        N/A       100%        7
 Discord                  Hex            35%        N/A       100%        8
 Disjunction              Tloc           51%        N/A       100%        8
 Dragon's Call            Summ           35%        N/A       100%        9
 Polar Vortex             Ice            35%        N/A       100%        9
 Shatter                  Erth           35%        3d28*     100%        9


Dungeon Overview and Level Annotations

Branches:
Dungeon (15/15)            Temple (0/1) D:7            Lair (5/5) D:11
 Shoals (4/4) Lair:2        Snake (4/4) Lair:2        Slime (5/5) Lair:5
    Orc (2/2) D:11            Elf (3/3) Orc:2        Vaults (5/5) D:13
  Crypt (0/3) Vaults:2     Depths (4/4) D:15            Zot (5/5) Depths:4
Ossuary (visited)           IceCv (visited)         Volcano (visited)
 WizLab (visited)

Altars:
Ashenzari
Elyvilon
Fedhas
Gozag
Hepliaklqana
Makhleb
Nemelex Xobeh
Okawaru
Sif Muna
Trog
Vehumet
Xom
Jiyva

Shops:
D:5 *   D:9 !   D:10 =   D:13 *   Orc:2 :[*(=[   Elf:1 :   Elf:2 [
Snake:2 ?![=   Snake:4 ==:   Vaults:3 [

Portals:
Hell: Depths:1 Depths:2 Depths:3 Depths:4
Abyss: Depths:3 Depths:4
Pandemonium: Depths:2 Depths:4
Ziggurat: Depths:2
Trove: Vaults:3 (give 10 potions of heal wounds)

Annotations:
D:3 exclusion: downstairs
D:4 1 runed translucent door, dunno567's ghost, amateur TrGl
D:7 exclusion: 2 downstairs
D:9 exclusion: orange crystal statue
D:10 exclusion: downstairs
Vaults:4 exclusion: downstairs
Depths:1 6 transporters


Innate Abilities, Weirdness & Mutations

You have a beak for a mouth.
You have claws for feet.
Your magical nature lets you fly swiftly and evasively.
You are partially covered in iridescent scales. (AC +2)
You have supernaturally acute eyesight. (SInv)
You are frail. (-10% HP)


Message History

Okay, then.
Okay, then.
Magic courses through your body.
You feel yourself speed up.
You feel clever all of a sudden.
You see here a +0 short sword.
Casting: Fire Storm (dangerous; 2% risk of failure)
Confirm with . or Enter, or press ? or * to list all spells.
Aiming: Passage of Golubria (mildly dangerous; 1% risk of failure)
Press: ? - help, Dir - move target You feel a strong surge of power!
The Orb disrupts the stability of your passage!
You enter the passage of Golubria.
There is a passage of Golubria here.
Casting: Passage of Golubria (mildly dangerous; 1% risk of failure)
Confirm with . or Enter, or press ? or * to list all spells.
You don't know that spell.
Casting: Passage of Golubria (mildly dangerous; 1% risk of failure)
Confirm with . or Enter, or press ? or * to list all spells.
You don't know that spell.
Casting: Passage of Golubria (mildly dangerous; 1% risk of failure)
Confirm with . or Enter, or press ? or * to list all spells.
Aiming: Passage of Golubria (mildly dangerous; 1% risk of failure)
Press: ? - help, Dir - move target You can't see that place. [the floor.]
Okay, then.
Okay, then.
Aiming: Dig
Press: ? - help, Shift-Dir - straight line A rock wall.
This square is covered in magical glow.
The rock shatters into small pieces.
You hear a snapping sound.
Your extra speed is starting to run out.
There is a radiant altar of Vehumet here.
You offer a prayer to Vehumet.
You feel yourself slow down.
There is a staircase leading out of the dungeon here.
You have escaped!

#.# #########.# #.# #.###. #.#
♣.♣ #.# #.###. #.######
#.###.###..... #......##
♣.♣#..##.##### ##.###..######
#............. #≈..........#
#♣#♣#♣.♣######
#~~~~~~.....#### #............
#≈≈≈≈~~~≈......##♣.....♣###...
#≈≈≈≈≈≈≈~~..#@.#.......#####..
#≈≈≈≈≈≈≈≈~≈.##.#.♣.....♣......
#≈≈≈≈≈≈≈≈≈~.............######
#≈≈≈≈≈≈≈≈≈~~...#.♣#♣.♣#♣######
#≈≈≈≈≈≈≈≈≈≈~...#.####.#.......
#≈≈≈≈≈≈≈≈≈≈~~..#......#.######
#~≈≈≈≈≈≈≈≈≈≈~....####.###
#~_~≈≈≈≈≈≈≈≈≈~...# #.#
#>~~≈≈≈≈≈≈≈≈≈≈~≈.# ###


There were no monsters in sight!

Vanquished Creatures
  the Royal Jelly (Slime:5)
  7 dread liches (Zot:5)
  3 orbs of fire (Zot:5)
  5 ancient liches
  3 pandemonium lords
  5 Killer Klowns (Zot:5)
  Margery (Vaults:2)
  Frederick (Vaults:2)
  4 curse toes
  A caustic shrike (Depths:2)
  15 golden dragons
  Nikola (Vaults:1)
  Jory (Vaults:2)
  A profane servitor (D:15)
  A bone dragon (Abyss:3)
  2 electric golems (Zot:5)
  A Tzitzimitl (D:10)
  Jorgrun (Snake:2)
  3 liches
  13 tentacled monstrosities
  A moon troll (WizLab)
  Mlioglotl (Shoals:3)
  9 quicksilver dragons
  3 deep elf blademasters
  A titan (Depths:2)
  25 Orb Guardians
  3 sphinxes
  7 death cobs
  A deep elf master archer (Elf:3)
  2 ancient champions (Depths:2)
  A kraken (Shoals:2)
  9 tentacled starspawn
  20 acid blobs
  Kirke (D:13)
  9 storm dragons
  Frances (Shoals:1)
  Roxanne (Elf:3)
  17 shadow dragons
  Donald (Shoals:1)
  7 tengu reavers
  10 draconian monks
  6 nagarajas (Snake:4)
  7 rockslimes
  15 azure jellies
  8 deep elf sorcerers
  An iron dragon (Vaults:4)
  The ghost of Twiddyhohoho the Tortoise, a journeyman AtWr of Cheibriados (D:13)
  4 fire giants
  Aizul (Snake:2)
  2 ghost moths
  9 frost giants
  3 balrugs
  6 draconian scorchers
  6 draconian shifters
  The ghost of Taoshon the Swashbuckler, an adept KoBr of Ru (Elf:1)
  4 spectral caustic shrikes (Depths:2)
  8 draconian knights
  A cacodemon (WizLab)
  A draconian stormcaller (Zot:5)
  12 vault wardens
  4 deep elf elementalists
  2 draconian annihilators
  2 orc warlords
  21 ironbound preservers
  22 stone giants
  15 quicksilver oozes
  A spriggan defender (Depths:2)
  6 ironbound thunderhulks
  A vampire knight (Depths:2)
  25 very ugly things
  7 war gargoyles
  13 green draconians
  8 black draconians
  9 dire elephants
  5 deep elf demonologists
  A bunyip (shapeshifter) (Vaults:5)
  A lorocyproca (D:1)
  15 yellow draconians
  10 deep elf annihilators
  3 spark wasps (Depths:2)
  11 purple draconians
  14 white draconians
  5 deep elf death magi (Elf:3)
  8 red draconians
  7 merfolk impalers
  A blizzard demon (Zot:5)
  5 fire dragons
  An entropy weaver (Vaults:2)
  4 merfolk javelineers
  The ghost of pener the Grappler, a journeyman TrFi of Okawaru (D:10)
  17 yaktaur captains
  8 ettins
  23 great orbs of eyes
  Josephine (D:14)
  11 deep elf high priests
  10 ice dragons
  3 rakshasas
  3 merfolk avatars
  2 ogre magi
  42 vault guards
  7 hydras
  4 salamander tyrants
  7 catoblepae
  2 peacekeepers (Vaults:3)
  18 centaur warriors
  A spriggan air mage (Depths:2)
  3 merfolk aquamancers
  9 anacondas
  A radroach (shapeshifter) (Vaults:5)
  The ghost of nidavellir the Basher, a novice MiBe of Trog (D:10)
  5 ironbound frosthearts
  27 dancing weapons
  10 deep troll shamans
  10 two-headed ogres
  25 naga warriors
  2 boulder beetles
  4 satyrs
  The ghost of adozu the Destroyer, a novice DrCj of Vehumet (D:10)
  15 deep troll earth magi
  An alligator (Shoals:1)
  2 alligator snapping turtles
  5 spriggan berserkers
  13 tengu warriors
  5 death yaks (Lair:5)
  A thrashing horror (Abyss:3)
  2 soul eaters (Depths:2)
  8 naga sharpshooters
  9 shock serpents
  A vampire mage (Depths:2)
  13 hell knights
  An orc high priest (Orc:2)
  Urug (Orc:2)
  3 sixfirhies
  Nergalle (Orc:2)
  Sonja (D:13)
  12 deep elf knights
  9 sun demons
  Amaemon (Lair:3)
  11 iron trolls
  10 salamander mystics
  3 wretched stars
  The ghost of HoaS the Marksgargoyle, a novice GrHu of Zin (D:10)
  5 skeletal warriors (Vaults:2)
  2 shadow demons
  A large abomination (Abyss:4)
  2 naga ritualists (Snake:1)
  A shadow wraith (Vaults:5)
  A swamp dragon (shapeshifter) (Depths:2)
  9 skysharks
  A skyshark (shapeshifter) (D:15)
  79 deep trolls
  7 glowing orange brains
  17 sea snakes
  7 deep elf archers
  21 ironbound convokers
  7 necromancers
  2 flayed ghosts
  7 phantasmal warriors
  16 lindwurms
  2 orange crystal statues
  18 harpies
  13 wizards
  10 orc knights
  23 deep elf pyromancers
  5 mana vipers
  A tengu skeleton (Vaults:2)
  5 starcursed masses (WizLab)
  22 salamanders
  30 fauns
  5 shining eyes
  19 deep elf zephyrmancers
  7 orc sorcerers
  39 ugly things
  16 manticores
  18 moths of wrath
  15 merfolk sirens
  14 cyclopes
  36 black mambas
  13 elephants
  A shining eye (shapeshifter) (Vaults:5)
  Joseph (D:8)
  4 rust devils
  17 guardian serpents
  7 orange demons
  3 water nymphs
  A guardian serpent (shapeshifter) (D:11)
  22 vault sentinels
  19 naga magi
  2 gargoyles
  2 demonic crawlers
  8 cane toads
  9 eyes of devastation
  6 rime drakes
  2 torpor snails
  A molten gargoyle (D:13)
  34 yaktaurs
  A storm dragon simulacrum (IceCv)
  8 unseen horrors
  Psyche (D:8)
  2 freezing wraiths (Vaults:5)
  7 kobold demonologists
  4 komodo dragons
  2 ice devils (Depths:2)
  6 tengu conjurers
  A guardian mummy (Vaults:3)
  7 golden dragon simulacra (IceCv)
  2 tormentors
  A spark wasp simulacrum (Depths:1)
  2 meliai (shapeshifter)
  4 yaktaur skeletons (Vaults:2)
  4 trolls (D:11)
  29 merfolk
  A merfolk (shapeshifter) (Vaults:5)
  4 polar bears
  5 wind drakes
  2 hellwings (Depths:4)
  4 hornets (Depths:2)
  3 raiju (Abyss:3)
  22 blink frogs
  A blink frog (shapeshifter) (D:11)
  12 snapping turtles
  A small abomination (D:14)
  11 dream sheep
  2 spriggan skeletons (Depths:1)
  152 slime creatures
  4 spriggans (Depths:2)
  An air elemental (Elf:2)
  7 ynoxinuls
  3 shadows
  17 water elementals
  6 wraiths
  A dire elephant simulacrum (D:14)
  61 yaks
  A yak (shapeshifter) (Vaults:5)
  2 ettin skeletons (Vaults:2)
  A wyvern (D:9)
  4 golden eyes
  A golden eye (shapeshifter) (Vaults:5)
  3 steam dragons
  2 fire elementals
  A redback (shapeshifter) (D:13)
  6 chaos spawn
  A redback (Vaults:2)
  9 vampire mosquitoes
  Grum (D:8)
  3 basilisks
  Menkaure (D:4)
  4 wargs
  60 nagas
  7 acid dragons
  A harpy simulacrum (D:14)
  2 glowing shapeshifter skeletons (Vaults:2)
  14 water moccasins
  2 floating eyes
  3 sky beasts
  23 orc warriors
  An ice beast (D:5)
  6 ice dragon simulacra (IceCv)
  2 ogres
  4 black bears
  4 boggarts (Vaults:2)
  39 wolves
  14 centaurs
  A phantom (D:4)
  5 bullfrogs
  A gnoll sergeant (D:11)
  14 kobold brigands
  2 elf zombies (Ossuary)
  2 necrophages
  4 deep troll simulacra (D:14)
  3 earth elementals
  5 scorpions (Elf:1)
  3 human skeletons (Vaults:2)
  20 wights
  9 lindwurm simulacra
  15 killer bees
  15 electric eels
  7 howler monkeys
  3 lava snakes (D:13)
  2 jellies
  2 human zombies (Ossuary)
  15 orc priests
  3 hounds
  A quasit (Abyss:3)
  4 iguanas
  21 orc wizards
  6 hell rats (Lair:4)
  2 mummies (Ossuary)
  Robin (D:3)
  5 adders
  9 gnolls
  2 shadow imps
  2 worms
  3 dart slugs
  82 orcs
  7 bats
  13 endoplasms
  3 giant cockroaches (D:1)
  16 hobgoblins
  4 jackals
  13 kobolds
  2 quokkas
  8 ball pythons
  2 frilled lizards
  19 goblins
  13 hobgoblin zombies (Ossuary)
  11 kobold zombies (Ossuary)
  6 orc zombies (Ossuary)
  6 rats
  3 rat zombies (Ossuary)
  A bush (Lair:5)
  9 fire vortices
  4 plants
  5 starspawn tentacles
  A tentacle (Shoals:2)
2583 creatures vanquished.

Vanquished Creatures (collateral kills)
  A pandemonium lord (Zot:5)
  4 Orb Guardians (Zot:5)
  A titan (Depths:2)
  A tentacled starspawn (WizLab)
  An azure jelly (Slime:5)
  A draconian scorcher (Depths:4)
  A draconian annihilator (Zot:1)
  A draconian stormcaller (Zot:5)
  A very ugly thing (WizLab)
  A dire elephant (Vaults:4)
  A vault guard (Vaults:5)
  A moth of wrath (Zot:3)
  2 starspawn tentacles (WizLab)
17 creatures vanquished.

Vanquished Creatures (others)
  3 humans (D:13)
  13 demonic plants (WizLab)
  139 fire vortices
  2 foxfires (Abyss:4)
  28 fungi
  228 plants
  19 starspawn tentacles
  10 tentacles (Shoals:2)
442 creatures vanquished.

Grand Total: 3042 creatures vanquished

Notes
Turn   | Place    | Note
-------+----------+-------------------------------------------
     0 | D:1      | AppleFox63 the Tengu Conjurer began the quest for the Orb.
     0 | D:1      | Reached XP level 1. HP: 10/10 MP: 4/4
   217 | D:1      | Reached XP level 2. HP: 15/15 MP: 4/6
   638 | D:1      | Learned a level 2 spell: Searing Ray
   918 | D:1      | Reached XP level 3. HP: 19/19 MP: 4/7
  1505 | D:1      | Found a radiant altar of Vehumet.
  1604 | D:1      | Became a worshipper of Vehumet
  1784 | D:2      | Reached XP level 4. HP: 24/24 MP: 3/9
  2632 | D:3      | Noticed Robin
  2643 | D:2      | Learned a level 4 spell: Iskenderun's Mystic Blast
  2670 | D:3      | Reached * piety under Vehumet
  2670 | D:3      | Offered knowledge of Sandblast by Vehumet.
  2815 | D:3      | Killed Robin
  3920 | D:4      | Gained mutation: Your magical nature lets you fly swiftly
                  | and evasively. [Tengu growth]
  3920 | D:4      | Reached XP level 5. HP: 27/28 MP: 6/10
  4468 | D:4      | Reached skill level 1 in Translocations
  4674 | D:4      | Found a runed translucent door.
  4681 | D:4      | Noticed dunno567's ghost (amateur TrGl)
  4805 | D:5      | Entered Level 5 of the Dungeon
  4828 | D:5      | Noticed an ice beast
  4834 | D:5      | Killed an ice beast
  4835 | D:5      | Reached XP level 6. HP: 32/32 MP: 0/12
  5036 | D:5      | Found Penniur's Mayhem Merchandise.
  5742 | D:4      | Reached ** piety under Vehumet
  5742 | D:4      | Offered knowledge of Scorch by Vehumet.
  5743 | D:4      | Reached XP level 7. HP: 36/36 MP: 7/14
  5864 | D:4      | Reached skill level 5 in Spellcasting
  6142 | D:4      | Learned a level 2 spell: Scorch
  6574 | D:5      | Reached skill level 1 in Fighting
  6574 | D:5      | Reached skill level 1 in Fire Magic
  7052 | D:4      | Noticed Menkaure
  7060 | D:4      | Killed Menkaure
  7061 | D:4      | Reached XP level 8. HP: 44/44 MP: 7/16
  7424 | D:6      | Identified a scroll of acquirement
  7424 | D:6      | Acquired 697 gold pieces
  7465 | D:6      | Found a blossoming altar of Fedhas.
  7481 | D:6      | Found a sand-covered staircase.
  7487 | D:6      | Got Pimmug's Book of United Alteration
  7491 | Ossuary  | Entered an ossuary
  7573 | Ossuary  | Offered knowledge of Momentum Strike by Vehumet.
  7802 | Ossuary  | Reached *** piety under Vehumet
  8040 | Ossuary  | Offered knowledge of Stone Arrow by Vehumet.
  8504 | D:6      | Noticed a purple ugly thing
  8529 | D:5      | Learned a level 5 spell: Fireball
  9128 | D:7      | Reached **** piety under Vehumet
  9382 | D:7      | Reached XP level 9. HP: 52/52 MP: 9/17
  9581 | D:7      | Reached skill level 5 in Fire Magic
  9630 | D:7      | Found a staircase to the Ecumenical Temple.
  9668 | D:7      | Found a bloodstained altar of Trog.
  9711 | D:7      | Found a hazy altar of Hepliaklqana.
  9844 | D:7      | Found a broken altar of Ashenzari.
  9844 | D:7      | Found a shimmering blue altar of Sif Muna.
  9844 | D:7      | Found an iron altar of Okawaru.
  9844 | D:7      | Found an opulent altar of Gozag.
  9845 | D:7      | Found a white marble altar of Elyvilon.
  9846 | D:7      | Offered knowledge of Flame Wave by Vehumet.
 10438 | D:8      | Reached skill level 5 in Fighting
 10438 | D:8      | Reached skill level 5 in Dodging
 10438 | D:8      | Noticed Joseph
 10711 | D:8      | Noticed Psyche
 10713 | D:8      | Killed Psyche
 11056 | D:7      | Learned a level 4 spell: Flame Wave
 11060 | D:8      | Reached XP level 10. HP: 52/60 MP: 14/18
 11123 | D:8      | Identified the +4 robe of Lugonu's Inspiration {Dex+5}
 11182 | D:8      | Killed Joseph
 11361 | D:8      | Noticed a lindwurm
 11362 | D:8      | Noticed a lindwurm
 11366 | D:8      | Killed a lindwurm
 11366 | D:8      | Killed a lindwurm
 11371 | D:8      | Noticed a lindwurm
 11611 | D:8      | Noticed a lindwurm
 11819 | D:8      | Killed a lindwurm
 11822 | D:8      | Killed a lindwurm
 11822 | D:8      | Noticed Grum
 11823 | D:8      | Reached skill level 10 in Conjurations
 11827 | D:8      | Found the ring of the Octopus King
 11829 | D:8      | Identified the +8 chain mail of Wu Jian's Pride {rPois rC++
                  | rCorr Int-2}
 11838 | D:8      | Identified a ring of the Octopus King {rN+ HP+2 AC+2 EV+2
                  | SH+2}
 11866 | D:8      | Noticed a two-headed ogre
 11870 | D:8      | Killed Grum
 12176 | D:8      | Killed a two-headed ogre
 12177 | D:8      | Reached XP level 11. HP: 64/64 MP: 7/21
 12909 | D:9      | Found Qamaxt's Distillery.
 12917 | D:9      | Bought a potion of curing for 36 gold pieces
 12917 | D:9      | Bought a potion of brilliance for 48 gold pieces
 12917 | D:9      | Bought a potion of heal wounds for 60 gold pieces
 12917 | D:9      | Bought a potion of brilliance for 48 gold pieces
 12917 | D:9      | Bought a potion of brilliance for 48 gold pieces
 12917 | D:9      | Bought 2 potions of brilliance for 96 gold pieces
 13270 | D:9      | Found a burning altar of Makhleb.
 13346 | D:9      | Reached ***** piety under Vehumet
 13346 | D:9      | Offered knowledge of Orb of Destruction by Vehumet.
 13679 | D:9      | Learned a level 6 spell: Starburst
 13805 | D:9      | Noticed an orange crystal statue
 14347 | D:10     | Entered Level 10 of the Dungeon
 14367 | D:10     | Found a runed translucent gate.
 14367 | D:10     | Found a runed translucent gate.
 14367 | D:10     | Found a runed translucent gate.
 14369 | D:10     | Noticed adozu's ghost (novice DrCj)
 14369 | D:10     | Noticed HoaS's ghost (novice GrHu)
 14371 | D:10     | Noticed pener's ghost (journeyman TrFi)
 14838 | D:10     | Found Tehitr Fefo's Jewellery Shoppe.
 14845 | D:10     | Bought the amulet "Zuodah" {RegenMP Rampage Int+2} for 576
                  | gold pieces
 15623 | D:10     | Noticed nidavellir's ghost (novice MiBe)
 15715 | D:10     | Killed pener's ghost
 15716 | D:10     | Killed nidavellir's ghost
 15716 | D:10     | Killed HoaS's ghost
 15720 | D:10     | Killed adozu's ghost
 15721 | D:10     | Reached skill level 10 in Fire Magic
 15822 | D:10     | Got Sif Muna's Atlas of the Mutagenic Xenolith
 15863 | D:11     | Reached XP level 12. HP: 67/70 MP: 4/25
 16047 | D:11     | Noticed a two-headed ogre
 16051 | D:11     | Noticed a frost giant
 16056 | D:11     | Killed a frost giant
 16057 | D:11     | Reached skill level 10 in Spellcasting
 16057 | D:11     | Killed a two-headed ogre
 16068 | D:11     | Noticed a six-headed hydra
 16071 | D:11     | Noticed a boulder beetle
 16071 | D:11     | Killed a six-headed hydra
 16075 | D:11     | Killed a boulder beetle
 16079 | D:11     | Reached XP level 13. HP: 57/74 MP: 28/30
 16549 | D:11     | Learned a level 7 spell: Orb of Destruction
 17373 | D:11     | Reached skill level 5 in Translocations
 18495 | D:11     | Found a staircase to the Orcish Mines.
 18639 | D:11     | Found a staircase to the Lair.
 18929 | Lair:1   | Entered Level 1 of the Lair of Beasts
 18971 | Lair:1   | Reached skill level 1 in Evocations
 19653 | Lair:1   | Offered knowledge of Yara's Violent Unravelling by Vehumet.
 20083 | Lair:2   | Reached XP level 14. HP: 84/84 MP: 31/31
 20353 | Lair:2   | Reached skill level 10 in Dodging
 20510 | Lair:2   | Found a staircase to the Shoals.
 20875 | Lair:2   | Reached skill level 15 in Conjurations
 21074 | Lair:2   | Found a staircase to the Snake Pit.
 21333 | Lair:3   | Identified the +5 shortbow of the Dragonfly {flame, rC+
                  | Str+4}
 21417 | Lair:3   | Found a dark tunnel.
 21435 | Lair:3   | Noticed Amaemon
 21438 | Volcano  | Entered a volcano
 21628 | Volcano  | Reached skill level 5 in Evocations
 21975 | Volcano  | Noticed a red draconian
 21984 | Volcano  | Killed a red draconian
 22091 | Lair:3   | Killed Amaemon
 22117 | Lair:3   | Reached skill level 10 in Fighting
 23153 | Lair:4   | Offered knowledge of Conjure Ball Lightning by Vehumet.
 23599 | Lair:4   | Reached XP level 15. HP: 93/93 MP: 21/32
 23754 | Lair:4   | Identified the +1 leather armour of the Grim God {*Corrode
                  | rF+ Regen+ Stlth+}
 24316 | Lair:5   | Entered Level 5 of the Lair of Beasts
 24597 | Lair:5   | Found a staircase to the Slime Pits.
 24597 | Lair:5   | Found a viscous altar of Jiyva.
 24602 | Lair:5   | Reached skill level 1 in Shields
 24836 | Lair:5   | Reached ****** piety under Vehumet
 24887 | Lair:5   | Offered knowledge of Iron Shot by Vehumet.
 25868 | Orc:1    | Entered Level 1 of the Orcish Mines
 27591 | Orc:1    | Reached skill level 10 in Evocations
 27803 | Orc:2    | Entered Level 2 of the Orcish Mines
 27803 | Orc:2    | Found Kagotz's Antique Armour Shop.
 27811 | Orc:2    | Found Rigyurphi's Jewellery Boutique.
 27943 | Orc:2    | Reached skill level 5 in Shields
 28069 | Orc:2    | Found a flickering gateway to a bazaar.
 28069 | Orc:2    | Noticed an orc warlord
 28079 | Orc:2    | Killed an orc warlord
 28310 | Orc:2    | Offered knowledge of Spellforged Servitor by Vehumet.
 28316 | Orc:2    | Learned a level 3 spell: Ignite Poison
 28352 | Orc:2    | Noticed Nergalle
 28360 | Orc:2    | Killed Nergalle
 28564 | Orc:2    | Noticed Urug
 28568 | Orc:2    | Killed Urug
 28572 | Orc:2    | Found Fipiul's Antique Armour Shop.
 28588 | Orc:2    | Bought a distressingly furry cloak for 332 gold pieces
 28588 | Orc:2    | Identified the +3 cloak of Action {Rampage rC+ rN+ Slay+2}
                  | (You bought it in a shop on level 2 of the Orcish Mines)
 28686 | Orc:2    | Found Ybren's Book Shop.
 28701 | Orc:2    | Found Rusi's General Store.
 28709 | Orc:2    | Bought a potion of magic for 112 gold pieces
 28718 | Orc:2    | Found Bag Jiel's Antique Weapon Shop.
 28725 | Orc:2    | Bought an encrusted lajatang for 480 gold pieces
 28725 | Orc:2    | Identified the +6 lajatang of Vaikk {flame, rPois rF- Str+7
                  | Stlth-} (You bought it in a shop on level 2 of the Orcish
                  | Mines)
 28943 | Orc:2    | Found a staircase to the Elven Halls.
 29615 | D:13     | Reached XP level 16. HP: 103/103 MP: 25/33
 29619 | D:13     | Noticed Sonja
 29621 | D:13     | Killed Sonja
 29624 | D:13     | Noticed Kirke
 29628 | D:13     | Killed Kirke
 29858 | D:13     | Found a runed translucent gate.
 29859 | D:13     | Found a runed translucent gate.
 29860 | D:13     | Found a runed translucent gate.
 29861 | D:13     | Noticed Twiddyhohoho's ghost (journeyman AtWr)
 29866 | D:13     | Learned a level 4 spell: Olgreb's Toxic Radiance
 29870 | D:13     | Reached skill level 1 in Poison Magic
 30389 | D:13     | Found a gate to the Vaults.
 30393 | D:13     | Killed Twiddyhohoho's ghost
 30717 | D:13     | Identified the ring "Vyank" {rF+ rCorr MP+9 Dex+2}
 30719 | D:13     | Identified the ring of Voidon {rElec rC+ Will+ Int+3}
 30864 | D:13     | Found Neuhorr's Needful Niceties.
 31182 | Orc:2    | Bought a pair of glowing gloves for 210 gold pieces
 31335 | D:13     | Bought a Necronomicon for 784 gold pieces
 31335 | D:13     | Bought a manual of Necromancy for 1120 gold pieces
 31466 | D:14     | Found a frozen archway.
 31473 | D:14     | Offered knowledge of Ozocubu's Refrigeration by Vehumet.
 31482 | IceCv    | Entered an ice cave
 32422 | IceCv    | Identified the ring of Qocuhier {rElec rPois Will- rCorr
                  | Dex+3}
 32424 | IceCv    | Identified the +0 ice dragon scales "Gauxe" {-Cast rElec
                  | rF- rC++ Will++ Regen+}
 33057 | D:14     | Noticed Josephine
 33064 | D:14     | Killed Josephine
 33781 | D:15     | Entered Level 15 of the Dungeon
 33831 | D:15     | Offered knowledge of Lehudib's Crystal Spear by Vehumet.
 34337 | D:15     | Found a staircase to the Depths.
 34524 | D:15     | Noticed a tengu reaver
 34524 | D:15     | Found the +0 staff of Battle
 34528 | D:15     | Killed a tengu reaver
 34982 | Elf:1    | Entered Level 1 of the Elven Halls
 35170 | Elf:1    | Reached XP level 17. HP: 108/108 MP: 25/34
 35223 | Elf:1    | Got Keqo's Book of the Discharge
 35938 | Elf:1    | Found a runed translucent door.
 36058 | Elf:1    | Noticed Taoshon's ghost (adept KoBr)
 36061 | Elf:1    | Found Quiqyihee's Book Shop.
 36071 | Elf:1    | Bought Sif Muna's Book of Kindling and the Hornet for 572
                  | gold pieces
 36084 | Elf:1    | Killed Taoshon's ghost
 36093 | Elf:1    | Identified the +0 rapier "Qyrhaitz" {flame, *Slow Int+2
                  | Dex+6}
 36483 | Elf:2    | Found Eghuef's Armour Boutique.
 36514 | Elf:2    | Found a runed translucent gate.
 36514 | Elf:2    | Found a runed translucent gate.
 36515 | Elf:2    | Found a runed translucent gate.
 36542 | Elf:2    | Identified the +4 battleaxe of Doom {antimagic, rElec rC-
                  | rCorr Str+2}
 36568 | Elf:2    | Reached skill level 15 in Spellcasting
 37343 | Elf:2    | Noticed a deep elf blademaster
 37346 | Elf:2    | Offered knowledge of Shatter by Vehumet.
 37346 | Elf:2    | Offered knowledge of Polar Vortex by Vehumet.
 37346 | Elf:2    | Offered knowledge of Maxwell's Capacitive Coupling by
                  | Vehumet.
 37347 | Elf:2    | Killed a deep elf blademaster
 37798 | Elf:3    | Entered Level 3 of the Elven Halls
 37878 | Elf:3    | Found a magical portal.
 37888 | WizLab   | Entered Lehudib's Moon Base
 37900 | WizLab   | Noticed a tentacled starspawn
 37901 | WizLab   | Killed a tentacled starspawn
 38061 | WizLab   | Reached XP level 18. HP: 114/114 MP: 29/39
 38579 | WizLab   | Noticed a moon troll
 38835 | WizLab   | Noticed a quicksilver dragon
 39009 | WizLab   | Paralysed by a great orb of eyes for 5 turns
 39019 | WizLab   | Killed a quicksilver dragon
 39250 | WizLab   | Found a transporter.
 39346 | WizLab   | Found a transporter.
 39498 | WizLab   | Identified the +0 cloak "Arowky" {Fly rElec Will-}
 39620 | WizLab   | Killed a moon troll
 39936 | WizLab   | Learned a level 8 spell: Ignition
 40198 | WizLab   | Identified the +2 pair of boots of Supple Strength {Fly
                  | Dex+2}
 40231 | WizLab   | Got Lehudib's Codex of the Quake and Energy
 40256 | WizLab   | Identified the +4 short sword of Fundamental Breach {venom,
                  | rElec rF- Dex+5 SInv}
 40648 | Elf:3    | Reached XP level 19. HP: 121/121 MP: 41/41
 40649 | Elf:3    | Reached skill level 15 in Fire Magic
 40649 | Elf:3    | Reached XP level 20. HP: 127/127 MP: 42/42
 40702 | Elf:3    | Noticed Roxanne
 40712 | Elf:3    | Killed Roxanne
 40899 | Elf:3    | Identified the +6 quarterstaff of the Walnut {heavy, rC+
                  | rN+ rCorr Dex-3}
 40929 | Abyss:3  | Cast into level 3 of the Abyss (a deep elf sorcerer)
 41159 | Abyss:3  | Noticed a bone dragon
 41171 | Abyss:3  | Killed a bone dragon
 41234 | Abyss:4  | Noticed a bone dragon
 41245 | Abyss:4  | Reached XP level 21. HP: 106/132 MP: 1/38
 41330 | Elf:3    | Escaped the Abyss
 42183 | Elf:3    | Identified the +1 morningstar "Ogrebane" {protect, rC+
                  | Will+ Str+3 Int+2}
 42201 | Elf:3    | Identified the ring "Besochoofo" {Will+ Int+4 SInv}
 42313 | Elf:2    | Bought the +1 robe "Vuitih" {rElec Dex+3 Archmagi} for 680
                  | gold pieces
 42452 | Elf:2    | Learned a level 9 spell: Fire Storm
 42644 | Shoals:1 | Entered Level 1 of the Shoals
 42644 | Shoals:1 | Noticed Donald
 42649 | Shoals:1 | Killed Donald
 43192 | Shoals:1 | Reached skill level 15 in Fighting
 43363 | Shoals:1 | Noticed Frances
 43370 | Shoals:1 | Killed Frances
 45517 | Shoals:3 | Noticed Mlioglotl
 45522 | Shoals:3 | Killed Mlioglotl
 45773 | Shoals:3 | Reached skill level 10 in Shields
 46030 | Shoals:4 | Entered Level 4 of the Shoals
 46249 | Shoals:4 | Identified the +4 halberd "Inudume" {holy, rF+ Int+3}
 46544 | Shoals:4 | Reached XP level 22. HP: 118/140 MP: 30/44
 46866 | Shoals:4 | Got a barnacled rune of Zot
 47414 | Slime:1  | Entered Level 1 of the Pits of Slime
 47740 | Snake:1  | Entered Level 1 of the Snake Pit
 48693 | Snake:2  | Found Tyghaof's Distillery.
 48695 | Snake:2  | Found Zumuovoed's Jewellery Shoppe.
 48695 | Snake:2  | Found Mashrosch's Magic Scroll Emporium.
 48701 | Snake:2  | Found Zarogaam's Armour Shoppe.
 48710 | Snake:2  | Bought the ring of the Duchess {rElec rPois MP+9 Int+2} for
                  | 636 gold pieces
 49368 | Snake:2  | Noticed Aizul
 49374 | Snake:2  | Killed Aizul
 49439 | Snake:2  | Noticed Jorgrun
 49443 | Snake:2  | Killed Jorgrun
 50648 | Snake:4  | Entered Level 4 of the Snake Pit
 51145 | Snake:4  | Found a shimmering blue altar of Sif Muna.
 51222 | Snake:4  | Found Napsyl's Jewellery Boutique.
 51231 | Snake:4  | Acquired the ring "Qux Xaci" {rC+ Will++ Str-2 Int+4}
 51258 | Snake:4  | Found Rapymewn's Book Shoppe.
 51259 | Snake:4  | Found Xoilek's Jewellery Boutique.
 51748 | Snake:4  | Reached XP level 23. HP: 144/144 MP: 29/46
 52258 | Snake:4  | Got a serpentine rune of Zot
 52802 | Slime:2  | Gained mutation: You are frail. (-10% HP) [a shining eye]
 52803 | Slime:2  | Gained mutation: You occasionally lose the ability to drink
                  | potions when taking damage. [a shining eye]
 53294 | Slime:1  | Lost mutation: You are frail. (-10% HP) [potion of
                  | mutation]
 53294 | Slime:1  | Lost mutation: You occasionally lose the ability to drink
                  | potions when taking damage. [potion of mutation]
 53294 | Slime:1  | Gained mutation: You have supernaturally acute eyesight.
                  | (SInv) [potion of mutation]
 53294 | Slime:1  | Gained mutation: You are partially covered in iridescent
                  | scales. (AC +2) [potion of mutation]
 53513 | Vaults:1 | Entered Level 1 of the Vaults
 53515 | Vaults:1 | Noticed Nikola
 53519 | Vaults:1 | Killed Nikola
 55582 | Vaults:2 | Noticed Frederick
 55589 | Vaults:2 | Killed Frederick
 55688 | Vaults:2 | Noticed Margery
 55697 | Vaults:2 | Killed Margery
 56108 | Vaults:2 | Noticed Jory
 56114 | Vaults:2 | Killed Jory
 56300 | Vaults:2 | Reached XP level 24. HP: 150/150 MP: 47/47
 56367 | Vaults:2 | Identified the +2 triple crossbow of Areosuma {heavy,
                  | +Blink rPois Will-}
 56750 | Vaults:2 | Found a staircase to the Crypt.
 58255 | Vaults:3 | Found Vopnaucs's Antique Armour Emporium.
 58288 | Vaults:3 | Found a portal to a secret trove of treasure.
 58798 | Vaults:4 | Acquired 333 gold pieces
 59113 | Vaults:4 | Found a flickering gateway to a bazaar.
 59118 | Bazaar   | Entered a bazaar
 59127 | Bazaar   | Found Zazeopto's General Store.
 59140 | Bazaar   | Found Kamn's Armour Boutique.
 59147 | Bazaar   | Found Celen's Book Shoppe.
 59153 | Bazaar   | Found Ceotez's Antique Armour Boutique.
 59161 | Bazaar   | Bought a glowing robe for 66 gold pieces
 59831 | Vaults:4 | Reached XP level 25. HP: 155/155 MP: 49/49
 60327 | Vaults:5 | Entered Level 5 of the Vaults
 60359 | Vaults:5 | Noticed an ancient lich
 61504 | Vaults:5 | Killed an ancient lich
 64103 | Vaults:5 | Identified the +4 great sword of Dismemberment {heavy, rN+}
 64567 | Vaults:5 | Identified the +2 plate armour of Irustis {rC- Regen+ SInv}
 64587 | Vaults:5 | Identified the ring "Wiov" {Str+5 Dex+6}
 64596 | Vaults:5 | Got the Excursus on the Grounded Chill
 64752 | Vaults:5 | Identified the +0 battleaxe of the Sharing Saviour
                  | {antimagic, rC+ Dex+2}
 65072 | Vaults:5 | Got a silver rune of Zot
 65285 | Depths:1 | Entered Level 1 of the Depths
 65665 | Depths:1 | Found a transporter.
 65669 | Depths:1 | Found a transporter.
 65713 | Depths:1 | Found a transporter.
 65715 | Depths:1 | Found a transporter.
 65798 | Depths:1 | Reached XP level 26. HP: 132/160 MP: 30/50
 66010 | Depths:1 | Acquired 1062 gold pieces
 66112 | Depths:1 | Found a transporter.
 66119 | Depths:1 | Found a transporter.
 66213 | Depths:1 | Found a shimmering altar of Xom.
 66302 | Depths:1 | Found a gateway to Hell.
 66724 | Depths:2 | Identified the +8 chain mail "Wunyan" {rC++ rN+ Will- MP+9}
 67020 | Depths:2 | Identified the +3 robe of Xeobuuse {*Slow rElec Int+3}
 67039 | Depths:2 | Found a one-way gateway to a ziggurat.
 68281 | Depths:2 | Identified the +9 arbalest of the Manifold Visions {flame,
                  | rC+}
 69021 | Depths:2 | Found a one-way gate leading to the halls of Pandemonium.
 69969 | Depths:3 | Found a one-way gate to the infinite horrors of the Abyss.
 70228 | Depths:4 | Entered Level 4 of the Depths
 70244 | Depths:4 | Reached skill level 1 in Necromancy
 70250 | Depths:4 | Reached skill level 15 in Dodging
 70285 | Depths:4 | Reached skill level 1 in Transmutations
 70957 | Depths:4 | Reached XP level 27. HP: 157/170 MP: 50/50
 70961 | Depths:4 | Found a gate to the Realm of Zot.
 70968 | Zot:1    | Entered Level 1 of the Realm of Zot
 70990 | Depths:4 | Found a sparkling altar of Nemelex Xobeh.
 71379 | Depths:4 | Reached skill level 5 in Necromancy
 72096 | Depths:4 | Learned a level 8 spell: Necromutation
 72614 | Slime:1  | Found a viscous altar of Jiyva.
 73262 | Slime:3  | Reached skill level 5 in Transmutations
 73504 | Slime:4  | Reached skill level 10 in Necromancy
 73504 | Slime:4  | Paralysed by a floating eye for 4 turns
 74996 | Slime:5  | Entered Level 5 of the Pits of Slime
 75049 | Slime:5  | Noticed the Royal Jelly
 75053 | Slime:5  | Killed the Royal Jelly
 75409 | Slime:5  | Got a slimy rune of Zot
 75437 | Slime:5  | Identified the +1 great mace of the Everdark {flame, rF++
                  | rC- Dex+3}
 75445 | Slime:5  | Identified the +0 pair of gloves "Eciga" {rC++ Str+4 SInv}
 75451 | Slime:5  | Identified the +0 scale mail of the Gate {rElec rC+}
 75638 | Slime:5  | Learned a level 6 spell: Eringya's Noxious Bog
 75644 | Slime:5  | Learned a level 4 spell: Passage of Golubria
 76988 | Zot:1    | Identified the +7 war axe of Diet Blood {heavy, Fly Int+3
                  | Dex-4}
 76996 | Zot:1    | Identified the +1 robe of Tuirux {rC+ Dex+3}
 77135 | Zot:1    | Reached skill level 15 in Necromancy
 81547 | Zot:4    | Reached skill level 10 in Transmutations
 82199 | Zot:5    | Entered Level 5 of the Realm of Zot
 83094 | Zot:5    | Noticed a dread lich
 83096 | Zot:5    | Noticed an ancient lich
 83097 | Zot:5    | Killed a dread lich
 83106 | Zot:5    | Killed an ancient lich
 83112 | Zot:5    | Noticed an orb of fire
 83113 | Zot:5    | Noticed a dread lich
 83114 | Zot:5    | Noticed a dread lich
 83114 | Zot:5    | Gained mutation: You are frail. (-10% HP) [a cacodemon]
 83117 | Zot:5    | Killed a dread lich
 83119 | Zot:5    | Killed a dread lich
 83119 | Zot:5    | Noticed a dread lich
 83123 | Zot:5    | Killed an orb of fire
 83129 | Zot:5    | Killed a dread lich
 83377 | Zot:5    | Noticed a dread lich
 83383 | Zot:5    | Killed a dread lich
 83685 | Zot:5    | Noticed a dread lich
 83688 | Zot:5    | Killed a dread lich
 83759 | Zot:5    | Noticed a dread lich
 83761 | Zot:5    | Killed a dread lich
 83762 | Zot:5    | Reached skill level 15 in Transmutations
 83769 | Zot:5    | Noticed an ancient lich
 83771 | Zot:5    | Killed an ancient lich
 83796 | Zot:5    | Noticed an ancient lich
 83801 | Zot:5    | Killed an ancient lich
 83840 | Zot:5    | Noticed an orb of fire
 83840 | Zot:5    | Noticed an orb of fire
 83848 | Zot:5    | Killed an orb of fire
 84669 | Zot:5    | Got the Orb of Zot
 84690 | Zot:5    | Noticed Aturch the pandemonium lord
 84692 | Zot:5    | Killed Aturch the pandemonium lord
 84702 | Zot:5    | Killed an orb of fire
 85170 | D:14     | Noticed Useleez the pandemonium lord
 85171 | D:14     | Killed Useleez the pandemonium lord
 85242 | D:10     | Bought the ring "Heut Fau" {rCorr Int+5 Dex+3 Stlth+} for
                  | 652 gold pieces
 85561 | D:1      | Noticed Ritar the pandemonium lord
 85567 | D:1      | Killed Ritar the pandemonium lord
 85615 | D:1      | Noticed Pouluphou the pandemonium lord
 85619 | D:1      | Noticed an ancient lich
 85619 | D:1      | Killed Pouluphou the pandemonium lord
 85621 | D:1      | Killed an ancient lich
 85701 | D:$      | Escaped with the Orb!

Illustrated notes

Levels and vault maps discovered:
D:1:      dpeg_arrival_water_altar, layout_basic, serial_forest,
          infiniplex_forest_straight_2, infiniplex_forest_lined_2,
          infiniplex_forest_lined_room_2, infiniplex_forest_lined_2,
          infiniplex_forest_lined_3, infiniplex_forest_end_2,
          infiniplex_forest_clump_tiny
D:2:      layout_loops_ring
D:3:      layout_basic, uniq_robin
D:4:      layout_basic, ebering_ghost_sewer_d, uniq_menkaure
D:5:      layout_basic, minmay_shop_mayhem, minmay_misc_feat_diagonals,
          kennysheep_generic_room_3
D:6:      layout_rooms, kennysheep_mini, enter_ossuary_3, nicolae_titane
D:7:      layout_loops_ring, grunt_temple_overflow_open,
          minmay_temple_entry_glass
D:8:      layout_loops_ring, enter_bailey_4, minmay_lindwurm_lava, uniq_psyche,
          uniq_joseph, uniq_grum
D:9:      layout_basic, mainiacjoe_overflow_boulevard, serial_shops,
          nicolae_shop_competitors_out_of_business, hangedman_decor_lopped,
          grunt_decor_junction, minivault_16
D:10:     layout_stronghold, gammafunk_ghost_cemetery, serial_shops, shop
D:11:     minmay_the_grid_square_5x5_5x5 [minmay_the_grid_square_5x5_percent,
          minmay_the_grid_square_5x5_six, minmay_the_grid_square_5x5_v,
          minmay_the_grid_square_5x5_spiral,
          minmay_the_grid_square_5x5_two_walls_b,
          minmay_the_grid_square_5x5_inner_v,
          minmay_the_grid_square_5x5_prize_pseudospiral,
          minmay_the_grid_square_5x5_inner_i,
          minmay_the_grid_square_5x5_prize_gold,
          minmay_the_grid_square_5x5_three, minmay_the_grid_square_5x5_comb,
          minmay_the_grid_square_5x5_meh,
          minmay_the_grid_square_5x5_prize_monsterx,
          minmay_the_grid_square_5x5_dogpile, minmay_the_grid_square_5x5_corner,
          minmay_the_grid_square_5x5_inset,
          minmay_the_grid_square_5x5_prize_open,
          minmay_the_grid_square_5x5_empty,
          minmay_the_grid_square_5x5_prize_junk,
          minmay_the_grid_square_5x5_eight, minmay_the_grid_square_5x5_lines,
          minmay_the_grid_square_5x5_c,
          minmay_the_grid_square_5x5_half_checkered,
          minmay_the_grid_square_5x5_inner_z, minmay_the_grid_square_5x5_z],
          layout_rooms, hiddenorc2_lemuel, water_maze_lemuel
D:12:     layout_basic
D:13:     layout_basic, erik_vaults_1, serial_glass, glass_columns_b,
          glass_columns_a, due_unseen_surprise, feat_on_display,
          item_on_display_b, gammafunk_ghost_nasty_kobolds,
          nicolae_alphabet_shops, uniq_kirke, uniq_sonja
D:14:     layout_basic, portal_ice_cave_entry_ice_simulacra,
          minmay_misc_feat_more_columns, uniq_josephine
D:15:     hangedman_depths_entry_civil_slaughter, layout_cave_pools,
          minmay_crystal_water, small_statue_intersection,
          hellmonk_guarded_unrand_staff_of_battle
Lair:1:   layout_regular_city, ldierk_geyser, serial_bayou_shore_b
Lair:2:   layout_chaotic_city, shoals_dummy_entry, guppyfry_snake_entry_garden
Lair:3:   nzn_motion_control, layout_hall_layers, nicolae_volcano_entry_hallway,
          nicolae_lair_grove_arrangements, infiniplex_staircase_pool_2,
          uniq_amaemon
Lair:4:   layout_regular_city, gammafunk_lair_bear_cave, grunt_megastairs_5
Lair:5:   grunt_lair_end_beastmaster, layout_long_grid,
          minmay_slime_entry_pillars, st_stairs_5
Shoals:1: layout_shoals, nicolae_shoals_siren_and_animal_friends, uniq_donald,
          uniq_frances
Shoals:2: layout_shoals
Shoals:3: layout_shoals, uniq_mlioglotl
Shoals:4: shoals_end_grunt_garden, layout_shoals
Snake:1:  layout_misc_corridors
Snake:2:  layout_grid_maze, serial_bayou_crossing, grunt_megastairs_3,
          minmay_shoptagon, uniq_aizul, uniq_jorgrun
Snake:3:  layout_onion_interference, nicolae_coiled_stairwell_down,
          serial_bayou_shore_b
Snake:4:  snake_hunt, layout_cave_town, basic_altar, minmay_snake_pond,
          grunt_megastairs_2, minmay_shop_grove
Slime:1:  layout_caves, basic_altar
Slime:2:  layout_caves
Slime:3:  layout_caves
Slime:4:  layout_caves
Slime:5
Orc:1:    layout_caves, basic_altar
Orc:2:    grunt_orc_cross, layout_caves, serial_shops, bzr_entry_dummy,
          shop_coins, shop
Elf:1:    layout_geoelf_grid, serial_shops, nicolae_shop_hallway_stairs,
          ebering_ghost_reflecting_pool, minmay_elf_annihilation,
          einodemon_barbed_minivault
Elf:2:    elven_hall_of_blades_hangedman_original [mumra_blade_entry_bloodbath],
          layout_rooms, serial_shops, shop, grunt_ministairs_4
Elf:3:    minmay_elf_hall_spiked, layout_onion_city, mu_enter_wizlab_5,
          uniq_roxanne
Vaults:1: v_misc_32, v_pattern_1, nicolae_vaults_big_ls,
          nicolae_vaults_little_squares_1, vaults_room_hallway, v_alt_pattern_3,
          vaults_room_guarded_vault, vaults_room_grunt_arrival_checkpoint,
          hangedman_vaults_cutoff, layout_vaults_quadrants, uniq_nikola
Vaults:2: grunt_vaults_focal, nicolae_vaults_ninety_degrees,
          nicolae_vaults_yaktaur_gun_rack, dpeg_vaults_monster_row,
          minmay_crypt_entry_skeletal_spiral, ontoclasm_vaults_loading_screen,
          grunt_vaults_funnel, ontoclasm_vaults_fault, v_misc_26,
          v_alt_pattern_1, v_alt_pattern_5, nicolae_vaults_little_squares_1,
          nicolae_vaults_theta, layout_vaults_omnicross, uniq_frederick,
          uniq_jory, uniq_margery
Vaults:3: ontoclasm_vaults_ring_small, v_rooms_6, vaults_dpeg_diagonal,
          nicolae_vaults_rhombus_7, vaults_standard_mumra_lines,
          vaults_standard_mumra_enter_the_diamond,
          ontoclasm_vaults_decontamination, nicolae_vaults_murderbox,
          v_alt_pattern_1, v_misc_5, hangedman_vaults_trim, vaults_room_pools,
          layout_vaults_ring, nicolae_trove_entry_path_of_doom, serial_shops,
          nicolae_lakefront_shop
Vaults:4: nicolae_vaults_little_ls, nicolae_vaults_quartermaster,
          nicolae_vaults_windows_and_doors_thing, dpeg_vaults_monster_box,
          nicolae_vaults_stairing_the_circle, vaults_mumra_hexcomb,
          ontoclasm_vaults_gateway, nicolae_vaults_mini_display_case, v_misc_26,
          vaults_room_grid, v_misc_14, layout_vaults_omnibox, serial_shops,
          bzr_entry_road
Vaults:5: serial_shops
Depths:1: layout_long_grid, hell_entry, xom_teletrap_fun, serial_nicolae_subway,
          nicolae_sub_station_metal, nicolae_sub_station_crystal,
          nicolae_sub_station_stone
Depths:2: hangedman_six_sided_sadism, layout_basic, enter_ziggurat_c,
          pf_hell_entry_tar_river, grunt_pan_entry_in_and_out,
          minmay_misc_feat_enclosed
Depths:3: grated_community_mu [grated_community_mu_vampire_home,
          grated_community_mu_giant_home, grated_community_mu_spellcaster_home,
          grated_community_mu_orcish_home, grated_community_mu_troll_home,
          grated_community_mu_taur_home, grated_community_mu_unbuilt_plot],
          layout_basic, abyss_entry_small_statue_room, hell_entry,
          serial_bayou_lake_a, minmay_staircase_windowed_large
Depths:4: grunt_zot_entry_pinwheel, layout_basic, grunt_hell_entry_dis_grunt,
          abyss_entry, grunt_pan_entry_zigzag, nemelex_spade_bored_becter
Zot:1:    layout_misc_corridors, st_single_dragon_hoard_3, zot_minivault_3
Zot:2:    layout_concentric_octagons
Zot:3:    layout_misc_corridors, skrybe_zot_glass_2, uniq_grunn
Zot:4:    layout_onion_interference, lemuel_elevator
Zot:5:    layout_cellular_growth, st_stairs_14

Skill      XL: |  1  2  3  4  5  6  7  8  9 10 11 12 13 14 15 16 17 18 19 20 21 22 23 24 25 26 27 |
---------------+----------------------------------------------------------------------------------+-----
Conjurations   | 6 7 9 10 12 14 15 16 18 20 23 24 | 24.0
Spellcasting   | 3 4 5 6 8 12 16 17 18 19 21 22 | 22.0
Translocations | 1 2 4 5 |  5.0
Fighting       | 2 4 6 8 10 12 13 14 15 16 17 | 17.0
Fire Magic     | 2 4 6 8 10 12 14 15 16 18 19 21 23 24 | 24.0
Dodging        | 4 6 8 9 10 13 15 | 15.0
Evocations     | 2 7 10 | 10.0
Shields        | 5 8 10 12 14 | 14.0
Poison Magic   | 3 |  3.6
Necromancy     | 3 18 | 18.0
Transmutations | 1 17 | 17.4
Stealth        | |  2.5

Action                     |  1- 3 |  4- 6 |  7- 9 | 10-12 | 13-15 | 16-18 | 19-21 | 22-24 | 25-27 || total
---------------------------+-------+-------+-------+-------+-------+-------+-------+-------+-------++-------
  Melee: Dagger            |     1 |    11 |     5 |       |       |       |       |       |       ||    17
         Peck              |     1 |       |     4 |     7 |     3 |     6 |    19 |    10 |    18 ||    68
         Kick              |       |     3 |     6 |     8 |     7 |    10 |    20 |    20 |    25 ||    99
         Staff             |       |       |    12 |    25 |    29 |    21 |    36 |    27 |    36 ||   186
         Punch             |       |       |     1 |       |       |       |       |       |       ||     1
   Cast: Magic Dart        |    71 |   103 |   137 |    95 |    59 |    35 |    27 |     3 |    28 ||   558
         Searing Ray       |     1 |    12 |    29 |     8 |    11 |    21 |    12 |     2 |     4 ||   100
         Scorch            |       |       |    19 |    62 |   118 |    40 |     4 |     6 |    15 ||   264
         Iskenderun's Myst |       |       |     6 |     3 |     8 |    43 |    20 |    41 |   194 ||   315
         Fireball          |       |       |     7 |    40 |   193 |   188 |   235 |   498 |   251 ||  1412
         Flame Wave        |       |       |     1 |     5 |       |       |       |       |       ||     6
         Starburst         |       |       |       |    26 |   109 |    44 |    16 |    27 |    73 ||   295
         Orb of Destructio |       |       |       |       |    24 |    68 |    23 |    72 |   293 ||   480
         Olgreb's Toxic Ra |       |       |       |       |       |     3 |    11 |     8 |     6 ||    28
         Ignite Poison     |       |       |       |       |       |     2 |     5 |       |     9 ||    16
         Ignition          |       |       |       |       |       |       |     2 |    54 |    61 ||   117
         Fire Storm        |       |       |       |       |       |       |       |     8 |   127 ||   135
         Passage of Golubr |       |       |       |       |       |       |       |       |     5 ||     5
         Eringya's Noxious |       |       |       |       |       |       |       |       |     1 ||     1
  Evoke: Lightning rod     |       |       |       |       |     2 |     2 |       |       |       ||     4
         Tin of tremorston |       |       |       |       |     2 |     1 |       |       |     3 ||     6
         Condenser vane    |       |       |       |       |     2 |     2 |     1 |       |     3 ||     8
         Wand              |       |       |       |       |       |     1 |       |       |     3 ||     4
         Phantom mirror    |       |       |       |       |       |       |     1 |       |       ||     1
         Box of beasts     |       |       |       |       |       |       |       |       |     1 ||     1
    Use: Scroll            |     5 |     3 |    11 |     6 |     6 |     8 |     2 |     5 |    13 ||    59
         Potion            |     1 |       |     1 |     6 |     5 |     2 |     3 |     2 |    22 ||    42
 Armour: Robe              |     3 |    15 |    18 |    14 |    28 |    16 |    13 |    13 |    58 ||   178
  Dodge: Dodged            |     5 |    14 |    53 |   116 |    93 |    76 |    56 |    72 |   251 ||   736
  Block: Other             |       |       |       |     2 |     2 |       |       |       |       ||     4
         Buckler           |       |       |       |       |    36 |    24 |    17 |       |       ||    77
         Kite shield       |       |       |       |       |       |       |    21 |    60 |   197 ||   278
         Reflection        |       |       |       |       |       |       |    10 |    26 |    18 ||    54

Table legend: (Time is in decaauts)
 A = Elapsed time spent in this place.
 B = Non-inter-level travel time spent in this place.
 C = Inter-level travel time spent in this place.
 D = Time resting spent in this place.
 E = Time spent auto-exploring this place.
 F = Levels seen in this place.
 G = Mean time per level.
                   A        B        C        D        E       F      G
               +--------+--------+--------+--------+--------+-----+--------+
         Total |  82089 |  77702 |   4387 |  29971 |  34983 |  59 | 1391.3 |
       Dungeon |  24027 |  22357 |   1670 |   8896 |  10231 |  15 | 1601.8 |
          Lair |   6435 |   5601 |    834 |   1892 |   2872 |   5 | 1287.0 |
        Shoals |   4386 |   4251 |    135 |    910 |   2528 |   4 | 1096.5 |
     Snake Pit |   4719 |   4560 |    159 |   1293 |   2675 |   4 | 1179.8 |
    Slime Pits |   3778 |   3687 |     91 |   1831 |   1125 |   5 |  755.6 |
  Orcish Mines |   2385 |   2099 |    286 |    713 |    946 |   2 | 1192.5 |
   Elven Halls |   4548 |   4375 |    173 |   1732 |   1695 |   3 | 1516.0 |
        Vaults |  11183 |  10819 |    364 |   3746 |   5770 |   5 | 2236.6 |
        Depths |   6585 |   6184 |    401 |   1514 |   3698 |   4 | 1646.2 |
           Zot |   8608 |   8338 |    270 |   4544 |   2075 |   5 | 1721.6 |
         Abyss |    382 |    382 |      0 |    274 |      0 |   2 |  191.0 |
        Bazaar |     78 |     78 |      0 |      0 |     13 |   1 |   78.0 |
       Ossuary |    613 |    613 |      0 |      0 |    447 |   1 |  613.0 |
      Ice Cave |   1428 |   1428 |      0 |   1135 |    132 |   1 | 1428.0 |
       Volcano |    629 |    629 |      0 |    424 |     54 |   1 |  629.0 |
        Wizlab |   2298 |   2298 |      0 |   1061 |    719 |   1 | 2298.0 |
               +--------+--------+--------+--------+--------+-----+--------+

Top non-repeatable levels by time:
Vaults:4: 4885 daAuts
    D:11: 2609 daAuts
Depths:2: 2571 daAuts
   Zot:5: 2502 daAuts
    D:10: 2330 daAuts
  WizLab: 2298 daAuts
Depths:4: 2005 daAuts
   Zot:2: 1938 daAuts
   Zot:1: 1927 daAuts
     D:8: 1916 daAuts
 Snake:4: 1912 daAuts
     D:4: 1906 daAuts
Vaults:2: 1889 daAuts
    D:13: 1850 daAuts
     D:7: 1827 daAuts
